 Dungeon Crawl Stone Soup version 0.21-a0-137-g951aa02 (webtiles) character file.

9381 nikopol the Thaumaturge (level 11, -2/57 HPs)
             Began as a Deep Elf Fire Elementalist on July 17, 2017.
             Was a Priest of Vehumet.
             Slain by a killer bee (5 damage)
             ... on level 10 of the Dungeon on July 18, 2017.
             The game lasted 00:54:30 (11812 turns).

nikopol the Thaumaturge (DEFE)                     Turns: 11812, Time: 00:54:31

Health: -2/57      AC:  7    Str:  5    XL:     11   Next: 22%
Magic:  11/30      EV: 15    Int: 24    God:    Vehumet [***...]
Gold:   448        SH:  6    Dex: 15    Spells: 22/36 levels left

rFire    . . .     SeeInvis .   h - +1 short sword
rCold    + . .     Gourm    .   I - +2 buckler
rNeg     . . .     Faith    .   P - +0 robe {rC+}
rPois    +         Spirit   .   y - +1 helmet
rElec    .         Reflect  .   u - +0 cloak
rCorr    +         Harm     .   p - +0 pair of gloves
MR       +....                  H - +0 pair of boots
Stlth    +++.......             (no amulet)
HPRegen  0.19/turn              K - ring of resist corrosion
MPRegen  0.22/turn              k - ring of poison resistance

@: lethally poisoned (-2 -> -8)
A: no striking features
a: Renounce Religion


You were on level 10 of the Dungeon.
You worshipped Vehumet.
Vehumet was most pleased with you.
You were hungry.

You visited 2 branches of the dungeon, and saw 11 of its levels.

You collected 448 gold pieces.

Inventory:

Hand Weapons
 h - a +1 short sword (weapon)
 m - a +3 dagger of chaos
Armour
 a - a +0 robe
 p - a +0 pair of gloves (worn)
 u - a +0 cloak (worn)
 y - a +1 helmet (worn)
 H - a +0 pair of boots (worn)
 I - a +2 buckler (worn)
 P - a +0 robe of cold resistance (worn)
Jewellery
 k - a ring of poison resistance (right hand)
 D - an uncursed ring of see invisible
 K - a ring of resist corrosion (left hand)
Wands
 g - a wand of acid (8/15)
 s - a wand of acid (4/15)
 F - a wand of acid (4/15)
 J - a wand of disintegration (22/24)
 M - a wand of flame (16/48)
 N - a wand of digging (9/24)
Scrolls
 e - 10 scrolls of identify
 f - 3 scrolls of enchant weapon
 o - 5 scrolls of remove curse
 v - a scroll of immolation
 x - a scroll of noise
 A - a scroll of fear
 C - a scroll of blinking
 G - a scroll of amnesia {unknown}
 Q - a scroll of teleportation
 R - a scroll of silence {unknown}
Potions
 d - 2 potions of heal wounds
 j - 2 potions of flight {unknown}
 l - 2 potions of magic {unknown}
 n - a potion of invisibility {unknown}
 r - 2 potions of brilliance {unknown}
 t - 5 potions of curing {unknown}
 w - a potion of cancellation {unknown}
 B - a potion of degeneration {unknown}
 E - a potion of ambrosia {unknown}
 L - 2 potions of lignification {unknown}
Books
 b - a book of Flames

   Spells                             Type                      Level
   a - Flame Tongue                   Conjuration/Fire             1
   b - Throw Flame                    Conjuration/Fire             2
   c - Conjure Flame                  Conjuration/Fire             3
   d - Inner Flame                    Hexes/Fire                   3
   e - Sticky Flame                   Conjuration/Fire             4
   f - Fireball                       Conjuration/Fire             5
 O - a book of Debilitation

   Spells                             Type                      Level
   a - Corona                         Hexes                        1
   b - Slow                           Hexes                        2
   c - Inner Flame                    Hexes/Fire                   3
   d - Portal Projectile              Hexes/Translocation          3
   e - Cause Fear                     Hexes                        4
   f - Leda's Liquefaction            Hexes/Earth                  4
Comestibles
 c - 9 bread rations
 i - a royal jelly
 q - 4 fruits
 z - 5 meat rations
 S - 4 chunks of flesh


   Skills:
 + Level 1.8 Fighting
 + Level 2.6 Short Blades
 + Level 5.9 Dodging
 + Level 4.6 Stealth
 + Level 2.2 Shields
 + Level 13.0 Spellcasting
 + Level 9.5 Conjurations
 + Level 10.3 Fire Magic


You had 22 spell levels left.
You knew the following spells:

 Your Spells              Type           Power        Failure   Level  Hunger
a - Flame Tongue          Conj/Fire      #####        1%          1    None
b - Throw Flame           Conj/Fire      ######       1%          2    None
c - Conjure Flame         Conj/Fire      ######..     1%          3    None
d - Fireball              Conj/Fire      ######....   1%          5    ###....
e - Static Discharge      Conj/Air       #####...     1%          3    None


Dungeon Overview and Level Annotations

Branches:
Dungeon (10/15)            Temple (1/1) D:7
   Lair: D:8-11         Orc: D:9-12

Altars:
Ashenzari
Cheibriados
Dithmenos
Elyvilon
Fedhas
Gozag
Hepliaklqana
Kikubaaqudgha
Makhleb
Nemelex Xobeh
Okawaru
Qazlal
Ru
Sif Muna
Trog
Uskayaw
Vehumet
Wu Jian
Xom
Yredelemnul
Zin
The Shining One

Annotations:
D:9 exclusion: obsidian statue


Message History

Aim: a killer bee (almost dead)
The flame tongue hits the killer bee.
The killer bee appears unharmed.
The killer bee is almost dead.
You feel sick. The killer bee stings you.
* * * LOW HITPOINT WARNING * * *
You block the killer bee's attack. The killer bee closely misses you.
You block the killer bee's attack.
Casting: Flame Tongue
Confirm with . or Enter, or press ? or * to list all spells.
Aiming: Flame Tongue
Press: ? - help, Shift-Dir - straight line, f/p - killer bee
Aim: a killer bee (almost dead)
The flame tongue hits the killer bee.
The killer bee appears unharmed.
The killer bee is almost dead.
You feel sick. The killer bee stings you.
* * * LOW HITPOINT WARNING * * *
The killer bee stings you.
* * * LOW HITPOINT WARNING * * *
The killer bee stings you.
You die...

........#
#..# #.#
........#
#..# #.#
..).....#
#[#
........#
#)#
........#
#)###
........# .
#....
........#
..#####....
........#
...........
.......@#
...........
....).yy#
..####.....
.#####.(#
#.....
#..#####..#
#.....
#.).).....#
#.....
#...).....#
#.....
#...(.....#
#.....
#%........#
#.....
#.).......#
#.....


You could see 2 killer bees.

Vanquished Creatures
  5 two-headed ogres
  Psyche (D:9)
  A hornet (D:9)
  A hippogriff (D:8)
  A wyvern (D:9)
  A spriggan (D:10)
  6 yaks (D:9)
  3 ice beasts
  3 orc warriors
  2 necrophages
  4 sky beasts
  An ogre (D:4)
  4 centaurs
  2 big kobolds
  7 bullfrogs
  A wyvern skeleton (D:4)
  7 killer bees
  8 wights
  6 howler monkeys
  2 crimson imps
  3 bullfrog zombies
  2 quasits
  3 hounds
  3 orc priests
  3 jellies
  6 orc wizards
  A gnoll shaman (D:7)
  Jessica (D:3)
  5 iguanas
  5 worker ants
  2 hound skeletons
  A worker ant zombie (D:8)
  12 gnolls
  10 adders
  A howler monkey skeleton (D:4)
  A river rat (D:10)
  3 shadow imps
  An adder zombie (D:7)
  4 worms
  A dart slug (D:3)
  6 leopard geckos
  24 orcs
  3 bats
  4 giant cockroaches
  4 goblins
  7 hobgoblins
  11 jackals
  15 kobolds
  5 quokkas
  4 frilled lizards
  A leopard gecko skeleton (D:6)
  7 rats
225 creatures vanquished.

Notes
Turn   | Place    | Note
-------+----------+-------------------------------------------
     0 | D:1      | nikopol the Deep Elf Fire Elementalist began the quest for the Orb.
     0 | D:1      | Reached XP level 1. HP: 10/10 MP: 6/6
   349 | D:1      | Reached XP level 2. HP: 14/15 MP: 6/8
   394 | D:1      | Learned a level 2 spell: Throw Flame
  1293 | D:2      | Reached XP level 3. HP: 19/19 MP: 3/9
  1700 | D:3      | Reached XP level 4. HP: 24/24 MP: 9/11
  1769 | D:3      | Noticed Jessica
  1772 | D:3      | Killed Jessica
  2064 | D:3      | Learned a level 3 spell: Conjure Flame
  2219 | D:3      | Reached skill level 4 in Spellcasting
  2383 | D:4      | Reached XP level 5. HP: 28/28 MP: 10/13
  2400 | D:4      | Noticed an ogre
  2415 | D:4      | Killed an ogre
  2415 | D:4      | Reached skill level 5 in Fire Magic
  2583 | D:4      | Reached skill level 5 in Spellcasting
  2796 | D:4      | Reached XP level 6. HP: 32/32 MP: 11/16
  3307 | D:4      | Found a shattered altar of Ashenzari.
  3691 | D:5      | Entered Level 5 of the Dungeon
  4185 | D:5      | Reached skill level 1 in Short Blades
  4185 | D:5      | Reached XP level 7. HP: 35/36 MP: 0/17
  4356 | D:5      | Reached skill level 6 in Spellcasting
  4986 | D:6      | Reached skill level 7 in Spellcasting
  5263 | D:6      | Learned a level 5 spell: Fireball
  5396 | D:5      | Noticed a rust devil
  5396 | D:5      | Noticed a rust devil
  5398 | D:5      | Reached skill level 5 in Conjurations
  5784 | D:6      | Reached XP level 8. HP: 35/42 MP: 14/21
  6248 | D:7      | Reached skill level 1 in Fighting
  6248 | D:7      | Reached skill level 8 in Spellcasting
  6643 | D:7      | Noticed a two-headed ogre
  6655 | D:7      | Killed a two-headed ogre
  6655 | D:7      | Reached skill level 1 in Shields
  6655 | D:7      | Reached skill level 9 in Spellcasting
  6655 | D:7      | Reached XP level 9. HP: 39/47 MP: 8/24
  7049 | D:7      | Found a staircase to the Ecumenical Temple.
  7054 | Temple   | Entered the Ecumenical Temple
  7154 | Temple   | Became a worshipper of Vehumet
  7592 | D:8      | Reached skill level 10 in Spellcasting
  8152 | D:7      | Reached skill level 5 in Dodging
  8260 | D:8      | Reached * piety under Vehumet
  8260 | D:8      | Offered knowledge of Magic Dart by Vehumet.
  9027 | D:8      | Noticed a two-headed ogre
  9043 | D:8      | Killed a two-headed ogre
  9043 | D:8      | Reached XP level 10. HP: 52/52 MP: 14/26
  9544 | D:9      | Noticed a two-headed ogre
  9553 | D:9      | Reached skill level 11 in Spellcasting
  9557 | D:9      | Killed a two-headed ogre
  9737 | D:9      | Noticed a two-headed ogre
  9750 | D:9      | Killed a two-headed ogre
  9806 | D:9      | Offered knowledge of Sandblast by Vehumet.
  9808 | D:9      | Reached ** piety under Vehumet
  9876 | D:9      | Noticed a two-headed ogre
  9884 | D:9      | Killed a two-headed ogre
  9884 | D:9      | Reached skill level 12 in Spellcasting
  9944 | D:9      | Noticed Psyche
  9953 | D:9      | Killed Psyche
 10023 | D:9      | Found a shimmering altar of Xom.
 10041 | D:9      | Reached skill level 10 in Fire Magic
 10048 | D:9      | Reached XP level 11. HP: 57/57 MP: 0/29
 10309 | D:9      | Noticed an obsidian statue
 10665 | D:9      | Noticed a sun demon
 10864 | D:10     | Entered Level 10 of the Dungeon
 11244 | D:10     | Upgraded the game from 0.21-a0-135-g8dc100c to 0.21-a0-137-g951aa02
 11305 | D:10     | Offered knowledge of Static Discharge by Vehumet.
 11335 | D:10     | Learned a level 3 spell: Static Discharge
 11792 | D:10     | Reached *** piety under Vehumet
 11804 | D:10     | Reached skill level 13 in Spellcasting
 11812 | D:10     | Slain by a killer bee

Vault maps used:
D:1:      dpeg_arrival_chase
D:2:      kennysheep_small_spiral
D:3:      uniq_jessica
D:4:      evilmike_ruin_ashenzari
D:5:      cheibrodos_iron_armory, first_bread
D:7:      temple_doors_ab
D:8:      enter_bailey_2
D:9:      lemuel_doored_altar, minmay_protected_statue, uniq_psyche
D:10:     dpeg_lair_monsters, david_orc_5, the_bakery
Temple:   kilobyte_greek_temple

Skill      XL: |  1  2  3  4  5  6  7  8  9 10 11 |
---------------+----------------------------------+-----
Fire Magic     | 4 5 6 7 8 10 | 10.3
Conjurations   | 2 3 4 5 6 7 9 |  9.5
Spellcasting   | 4 5 7 9 10 12 13 | 13.0
Stealth        | 3 4 |  4.6
Short Blades   | 1 2 |  2.6
Dodging        | 3 4 5 |  5.9
Fighting       | 1 |  1.8
Shields        | 1 2 |  2.2

Action                   |  1- 3 |  4- 6 |  7- 9 | 10-12 || total
-------------------------+-------+-------+-------+-------++-------
Melee: Short sword       |     1 |    30 |    31 |    22 ||    84
 Cast: Flame Tongue      |    59 |    91 |   269 |   170 ||   589
       Throw Flame       |       |     7 |    12 |    25 ||    44
       Conjure Flame     |       |     3 |     9 |     9 ||    21
       Fireball          |       |       |     3 |    12 ||    15
       Static Discharge  |       |       |       |     1 ||     1
Evoke: Wand              |       |       |     1 |       ||     1
  Use: Scroll            |       |       |    10 |       ||    10
       Potion            |       |       |       |     1 ||     1
  Eat: Chunk             |     2 |     8 |    12 |     7 ||    29
       Royal jelly       |       |       |     1 |     1 ||     2
       Fruit             |       |       |     2 |       ||     2
Armor: Robe              |     1 |    33 |    43 |    40 ||   117
Dodge: Dodged            |     8 |    51 |    83 |   114 ||   256
Block: Buckler           |       |       |    44 |    50 ||    94
